 Dungeon Crawl Stone Soup version 0.26.1-10-gdfb7c7de75 (webtiles) character file.

Game seed: 955128155242023984

19003 Almogavar the Basher (level 12, -12/75 HPs)
             Began as a Gargoyle Fighter on Apr 7, 2021.
             Was an Elder of Makhleb.
             Mangled by a five-headed hydra simulacrum (19 damage)
             ... on level 2 of the Lair of Beasts.
             The game lasted 00:47:29 (14877 turns).

Almogavar the Basher (Gargoyle Fighter)            Turns: 14877, Time: 00:47:29

Health: -12/75     AC: 29    Str: 34    XL:     12   Next: 64%
Magic:  12/12      EV: 10    Int: 10    God:    Makhleb [****..]
Gold:   524        SH: 14    Dex: 14    Spells: 11/11 levels left

rFire    . . .     SeeInvis .   a - +0 flail
rCold    . . .     Faith    .   c - +0 kite shield
rNeg     + . .     Spirit   .   n - +0 chain mail
rPois    ∞         Reflect  .   r - +2 helmet
rElec    +         Harm     .   k - +0 cloak
rCorr    .         Rampage  .   u - +2 pair of gloves
Will     .....                  D - +0 pair of boots
Stlth    ..........             b - amulet of regeneration
HPRegen  0.62/turn              G - ring "Soisin" {Wiz Str+4 Dex+5}
MPRegen  0.13/turn              i - +6 ring of strength

@: no status effects
A: negative energy resistance 1, electricity resistance, unbreathing,
petrification resistance, miasma immunity, AC +8
a: Renounce Religion, Minor Destruction, Lesser Servant of Makhleb, Major
Destruction


You were on level 2 of the Lair of Beasts.
You worshipped Makhleb.
Makhleb was greatly pleased with you.
You visited 3 branches of the dungeon, and saw 15 of its levels.
You also visited: Ossuary.

You collected 524 gold pieces.

Inventory:

Hand Weapons
 a - a +0 flail (weapon)
Missiles
 j - 132 bolts
Armour
 c - a +0 kite shield (worn)
 k - a +0 cloak (worn)
 n - a +0 chain mail (worn)
 r - a +2 helmet (worn)
 u - a +2 pair of gloves (worn)
 D - a +0 pair of boots (worn)
Jewellery
 b - an amulet of regeneration (around neck)
 e - an uncursed ring of see invisible
 i - a +6 ring of strength (right hand)
 q - an uncursed amulet of magic regeneration
 v - an uncursed ring of positive energy
 x - a +4 ring of protection
 G - the ring "Soisin" (left hand) {Wiz Str+4 Dex+5}
   (You found it on level 5 of the Dungeon)

   [ring of wizardry]

   It improves your spell success rate.
   It affects your strength (+4).
   It affects your dexterity (+5).
 J - an uncursed ring of flight
Wands
 p - a wand of iceblast (14)
 s - a wand of paralysis (6)
 w - a wand of acid (10)
 z - a wand of disintegration (3)
 L - a wand of enslavement (9)
Scrolls
 m - 8 scrolls of remove curse
 o - 3 scrolls of enchant armour
 E - 2 scrolls of fog
 F - 2 scrolls of enchant weapon {unknown}
 H - 2 scrolls of amnesia
 I - 6 scrolls of teleportation
 N - a scroll of magic mapping
Potions
 d - 3 potions of might
 f - 7 potions of curing
 g - 4 potions of cancellation
 h - a potion of haste
 l - 2 potions of ambrosia
 t - 3 potions of flight
 A - a potion of resistance
 B - a potion of brilliance
 C - 2 potions of invisibility


   Skills:
 + Level 8.8 Fighting
 + Level 12.5 Maces & Flails
 + Level 9.4 Armour
 + Level 3.1 Dodging
 + Level 3.4 Stealth
 + Level 12.1 Shields
 + Level 0.5 Invocations
 + Level 1.4 Evocations


You had 11 spell levels left.
You didn't know any spells.
Your spell library contained the following spells:

 Spells                   Type           Power        Failure   Level
 Beastly Appendage        Tmut           0%           56%         1
 Foxfire                  Conj/Fire      0%           56%         1
 Magic Dart               Conj           0%           56%         1
 Sting                    Tmut/Pois      0%           56%         1
 Blink                    Tloc           N/A          71%         2
 Call Imp                 Summ           0%           71%         2
 Poisonous Vapours        Pois/Air       0%           71%         2
 Searing Ray              Conj           0%           71%         2
 Slow                     Hex            0%           71%         2
 Wereblood                Tmut           0%           71%         2
 Conjure Flame            Conj/Fire      0%           89%         3
 Dazzling Flash           Conj/Hex       0%           89%         3
 Ignite Poison            Fire/Tmut/Pois 0%           89%         3
 Inner Flame              Hex/Fire       0%           89%         3
 Mephitic Cloud           Conj/Pois/Air  0%           89%         3
 Spider Form              Tmut/Pois      0%           89%         3
 Stone Arrow              Conj/Erth      0%           89%         3
 Animate Dead             Necr           0%           99%         4
 Fulminant Prism          Conj/Hex       0%           99%         4
 Ice Form                 Ice/Tmut       0%           99%         4
 Iskenderun's Mystic Bla  Conj/Tloc      0%           99%         4
 Leda's Liquefaction      Hex/Erth       0%           99%         4
 Olgreb's Toxic Radiance  Pois           0%           99%         4
 Sticky Flame             Conj/Fire      0%           99%         4
 Blade Hands              Tmut           0%           100%        5
 Borgnjor's Vile Clutch   Necr/Erth      0%           100%        5
 Fireball                 Conj/Fire      0%           100%        5
 Irradiate                Conj/Tmut      0%           100%        5
 Death Channel            Necr           0%           100%        6
 Hydra Form               Tmut           0%           100%        6
 Simulacrum               Ice/Necr       0%           100%        6
 Dragon Form              Tmut           0%           100%        7
 Malign Gateway           Summ/Tloc      0%           100%        7
 Statue Form              Tmut/Erth      Unusable     N/A         6

Dungeon Overview and Level Annotations

Branches:
Dungeon (11/15)            Temple (1/1) D:6            Lair (3/6) D:10
 Spider (0/4) Lair:2      Ossuary (visited)
  Swamp: Lair:2-4    Shoals: Lair:2-4       Orc: D:9-12

Altars:
Ashenzari
Cheibriados
Dithmenos
Elyvilon
Fedhas
Gozag
Hepliaklqana
Kikubaaqudgha
Makhleb
Nemelex Xobeh
Okawaru
Qazlal
Ru
Sif Muna
Trog
Uskayaw
Vehumet
Wu Jian
Xom
Yredelemnul
Zin
The Shining One

Shops:
D:8 !*[?   D:9 [(*   D:10 [

Annotations:
D:9 Maurice


Innate Abilities, Weirdness & Mutations

You are resistant to torment.
Your stone body is resilient. (AC +8)
You are immune to poison.
You resist negative energy. (rN+)
You are resistant to electric shocks. (rElec)
You can survive without breathing.
You are immune to petrification.
You are immune to miasma.


Message History

The five-headed hydra simulacrum bites you.
The five-headed hydra simulacrum freezes you!!
The five-headed hydra simulacrum bites you but does no damage.
You block the five-headed hydra simulacrum's attack.
You thump the five-headed hydra simulacrum!
The five-headed hydra simulacrum is severely damaged.
You sock the five-headed hydra simulacrum!
The five-headed hydra simulacrum is almost destroyed.
The five-headed hydra simulacrum bites you but does no damage. x3
You block the five-headed hydra simulacrum's attack.
The five-headed hydra simulacrum bites you.
The five-headed hydra simulacrum freezes you!!!
Ouch! That really hurt!
* * * LOW HITPOINT WARNING * * *
The five-headed hydra simulacrum misses you.
The five-headed hydra simulacrum bites you but does no damage. x2
The five-headed hydra simulacrum bites you!
* * * LOW HITPOINT WARNING * * *
The five-headed hydra simulacrum freezes you!!
You die...

##......############....#
#.......#..#.#..##.#...##
####.###..##.$[:.##.......#
#....##.#.#.......#.......#
##.......###....?##.......#
#####........#.......#.......##
#..#.........###'''###........#
###.#............ZZ..............
#......P........@##...P..........
...#............##.#.............
######..#..###P..###.............
#.^..## ##### ###...........
###..######## #.(.!.......
#.#..P.....# ##.....<....
#.##.......## #.......P##
#..........P# ###..#.###
##..........## ##...###


You could see a five-headed hydra simulacrum and a cane toad simulacrum.

Vanquished Creatures
  2 hydras
  Erica (Lair:2)
  The ghost of Haraddelas the Transmogrifier, a journeyman OpTm of Okawaru (Lair:2)
  A deep elf mage (D:6)
  A manticore (D:6)
  An orb spider (Lair:2)
  3 elephants (Lair:2)
  2 black mambas (Lair:1)
  A centaur zombie (D:10)
  2 gargoyles
  3 cane toads
  The ghost of Revguard the Stinger, a novice DrVM of Cheibriados (D:5)
  A komodo dragon (Lair:2)
  2 trolls
  Prince Ribbit (D:9)
  Grinder (D:6)
  A shadow (D:11)
  3 wyverns
  16 yaks
  A spectral komodo dragon (Lair:2)
  A basilisk (Lair:1)
  A death yak simulacrum (Lair:2)
  Menkaure (D:5)
  2 hydra simulacra (Lair:2)
  4 water moccasins
  4 ice beasts
  2 sky beasts
  6 orc warriors
  4 black bears
  5 wolves (Lair:2)
  2 eyes of draining
  A necrophage (D:7)
  4 ogres
  10 centaurs
  4 big kobolds
  7 bullfrogs
  A gnoll sergeant (D:7)
  2 water moccasin zombies (Ossuary)
  A water moccasin skeleton (D:7)
  3 scorpions
  4 killer bees
  A wight (D:5)
  A howler monkey (D:7)
  A quasit (D:11)
  2 bullfrog skeletons
  3 jellies
  3 bullfrog zombies
  3 centaur skeletons
  8 hounds
  5 orc priests
  11 orc wizards
  3 iguanas
  9 worker ants
  A big kobold zombie (Ossuary)
  A hound zombie (D:10)
  2 hound skeletons
  2 mummies (Ossuary)
  13 adders
  11 gnolls
  5 shadow imps
  2 white imps
  An ufetubus (D:5)
  An ooze (D:2)
  4 adder zombies (Ossuary)
  2 adder skeletons
  4 worms
  3 leopard geckos
  52 orcs
  10 bats
  7 giant cockroaches
  10 goblins
  7 hobgoblins
  8 jackals
  19 kobolds
  5 quokkas
  3 ball pythons
  7 frilled lizards
  A goblin zombie (D:5)
  3 hobgoblin zombies (Ossuary)
  2 kobold zombies (Ossuary)
  5 orc zombies (Ossuary)
  5 rats
  A rat zombie (D:5)
361 creatures vanquished.

Vanquished Creatures (others)
  An orc (D:7)
  5 fungi
  6 plants
12 creatures vanquished.

Grand Total: 373 creatures vanquished

Notes
Turn   | Place    | Note
-------+----------+-------------------------------------------
     0 | D:1      | Almogavar the Gargoyle Fighter began the quest for the Orb.
     0 | D:1      | Reached XP level 1. HP: 14/14 MP: 1/1
   126 | D:1      | Reached XP level 2. HP: 19/19 MP: 2/2
   703 | D:2      | Found a white marble altar of Elyvilon.
   776 | D:2      | Reached XP level 3. HP: 21/23 MP: 3/3
  1212 | D:2      | Reached XP level 4. HP: 27/28 MP: 4/4
  1986 | D:3      | Reached XP level 5. HP: 33/33 MP: 5/5
  3113 | D:4      | Reached XP level 6. HP: 38/38 MP: 6/6
  4030 | D:5      | Entered Level 5 of the Dungeon
  4072 | D:5      | Found a runed translucent door.
  4075 | D:5      | Noticed Revguard's ghost (novice DrVM)
  4100 | D:5      | Found a sand-covered staircase.
  4107 | Ossuary  | Entered an ossuary
  4173 | Ossuary  | Reached skill level 5 in Shields
  4173 | Ossuary  | Reached XP level 7. HP: 41/44 MP: 7/7
  4235 | Ossuary  | Reached skill level 5 in Maces & Flails
  4378 | D:5      | Noticed Menkaure
  4389 | D:5      | Killed Menkaure
  4390 | D:5      | Reached skill level 5 in Fighting
  4390 | D:5      | Reached skill level 1 in Dodging
  5031 | D:5      | Reached XP level 8. HP: 50/50 MP: 8/8
  5133 | D:5      | Got a translucent lead ring
  5135 | D:5      | Identified the ring "Soisin" {Wiz Str+4 Dex+5} (You found
                  | it on level 5 of the Dungeon)
  5791 | D:5      | Killed Revguard's ghost
  5792 | D:5      | Reached skill level 5 in Armour
  5898 | D:6      | Reached XP level 9. HP: 55/55 MP: 9/9
  6099 | D:6      | Noticed Grinder
  6104 | D:6      | Paralysed by Grinder for 7 turns
  6118 | D:6      | Paralysed by Grinder for 3 turns
  6123 | D:6      | Killed Grinder
  6124 | D:6      | Reached skill level 1 in Stealth
  6221 | D:6      | Found a staircase to the Ecumenical Temple.
  6229 | Temple   | Entered the Ecumenical Temple
  6260 | Temple   | Became a worshipper of Makhleb the Destroyer
  7117 | D:7      | Noticed a gargoyle
  7122 | D:7      | Noticed a deep elf mage
  7123 | D:7      | Noticed a manticore
  7480 | D:7      | Reached * piety under Makhleb
  7715 | D:6      | Killed a deep elf mage
  7716 | D:6      | Reached XP level 10. HP: 54/61 MP: 10/10
  7838 | D:6      | Killed a manticore
  8154 | D:7      | Killed a gargoyle
  8154 | D:7      | Reached ** piety under Makhleb
  8294 | D:7      | Identified the Tome of Twisted Earth
  8770 | D:8      | Found Naw Goi's Armour Emporium.
  8864 | D:8      | Reached skill level 10 in Maces & Flails
  8867 | D:8      | Found Jaixt's Magic Scroll Shoppe.
  9065 | D:8      | You fall into a shaft and drop 1 floor!
  9130 | D:9      | Noticed Prince Ribbit
  9131 | D:9      | Noticed Maurice
  9171 | D:9      | Killed Prince Ribbit
  9347 | D:9      | Found Neemal's Assorted Antiques.
  9410 | D:9      | Reached skill level 10 in Shields
  9478 | D:8      | Found Laavufana's Distillery.
  9511 | D:8      | Found Siafusa's General Store.
  9793 | D:8      | Found a hide-covered altar of Uskayaw.
  9815 | D:8      | Reached *** piety under Makhleb
  9862 | D:8      | Reached XP level 11. HP: 67/67 MP: 11/11
 10095 | D:9      | Found Jacu's Antique Weapon Emporium.
 10376 | D:9      | Found Fydim's Armour Boutique.
 10875 | D:10     | Entered Level 10 of the Dungeon
 11320 | D:10     | Found a staircase to the Lair.
 11542 | D:10     | Found Hesusyol's Armour Emporium.
 11891 | D:11     | Reached **** piety under Makhleb
 12037 | D:11     | Noticed a boulder beetle
 12137 | Lair:1   | Entered Level 1 of the Lair of Beasts
 12187 | Lair:1   | Found a sacrificial altar of Ru.
 12202 | Lair:1   | Noticed a seven-headed hydra
 12213 | Lair:1   | Killed a seven-headed hydra
 13124 | Lair:2   | Noticed a seven-headed hydra
 13124 | Lair:2   | Noticed Erica
 13148 | Lair:1   | HP: 1/68 [cane toad (10)]
 13266 | Lair:1   | HP: 2/68 [seven-headed hydra (8)]
 13392 | Lair:2   | Found a runed translucent gate.
 13393 | Lair:2   | Found a runed translucent gate.
 13394 | Lair:2   | Found a runed translucent gate.
 13403 | Lair:2   | Noticed Haraddelas's ghost (journeyman OpTm)
 13416 | Lair:2   | Reached XP level 12. HP: 74/74 MP: 12/12
 13590 | Lair:2   | You fall into a shaft and drop 1 floor!
 13757 | Lair:2   | Found a shimmering altar of Xom.
 14007 | Lair:2   | Found a hole to the Spider Nest.
 14311 | Lair:2   | Noticed a seven-headed hydra
 14320 | Lair:2   | Killed a seven-headed hydra
 14321 | Lair:2   | Reached skill level 1 in Evocations
 14402 | Lair:2   | Killed Erica
 14851 | Lair:2   | Killed Haraddelas's ghost
 14877 | Lair:2   | Mangled by a five-headed hydra simulacrum

Illustrated notes

Levels and vault maps discovered:
D:1:      nicolae_arrival_washed_ashore, layout_basic
D:2:      wander_river, layout_loops_ring, minmay_misc_feat_enclosed,
          elyvilon_altar_1
D:3:      layout_loops_corners
D:4:      kennysheep_the_goblin_king, layout_basic
D:5:      layout_loops_corners, ebering_ghost_reflecting_pool, enter_ossuary_4,
          minmay_divided_ellipse, uniq_menkaure
D:6:      layout_loops_ring, minmay_temple_entry_ruins, uniq_grinder
D:7:      minmay_the_grid_octo_tiled_octocenter [minmay_the_grid_octo_focus,
          minmay_the_grid_octo_fat_diamond, minmay_the_grid_octo_toaster,
          minmay_the_grid_octo_fan_narrow, minmay_the_grid_octo_prize_star,
          minmay_the_grid_square_5x5_mess,
          minmay_the_grid_square_5x5_pentomino_r,
          minmay_the_grid_square_5x5_bite, minmay_the_grid_square_5x5_shrine2],
          layout_rooms
D:8:      layout_loops_ring, kennysheep_little_box, serial_shops,
          kennysheep_mini_moat, nicolae_shop_crystal, shop_statue, shop,
          hangedman_abyss_or_decor_stagger
D:9:      layout_basic, serial_shops, nicolae_shop_waterfront,
          nicolae_shop_trees, nicolae_shop_overgrown_old_shop, uniq_maurice,
          uniq_prince_ribbit1
D:10:     minmay_goldmine, layout_loops_ring, lair_entry_dummy,
          kennysheep_windowed_goal
D:11:     layout_irregular_city
Temple:   nicolae_temple_the_god_donut
Lair:1:   layout_roguey, basic_altar
Lair:2:   layout_cave_pods, nicolae_spider_entry_orb_guardian,
          gammafunk_ghost_necromancy, lemuel_centaur_altar, uniq_erica
Lair:3:   statuecave_lemuel, layout_gridlike, minivault_25, st_stairs_13

Skill      XL: |  1  2  3  4  5  6  7  8  9 10 11 12 |
---------------+-------------------------------------+-----
Shields        | 4 5 6 8 10 11 12 | 12.1
Maces & Flails | 3 4 6 7 9 10 11 12 | 12.5
Fighting       | 4 5 6 7 8 |  8.8
Armour         | 4 5 6 7 8 9 |  9.4
Dodging        | 1 2 3 |  3.1
Stealth        | 2 3 |  3.4
Evocations     | 1 |  1.4
Invocations    | |  0.5

Action                   |  1- 3 |  4- 6 |  7- 9 | 10-12 || total
-------------------------+-------+-------+-------+-------++-------
Melee: Flail             |   134 |   344 |   419 |  1006 ||  1903
Invok: Lesser Servant of |       |       |       |     2 ||     2
 Abil: Evoke Flight      |       |       |       |     1 ||     1
Evoke: Wand              |       |       |       |    25 ||    25
  Use: Scroll            |     4 |     4 |    13 |    12 ||    33
       Potion            |       |       |     2 |     4 ||     6
 Stab: Paralysed         |       |       |       |     3 ||     3
Armor: Scale mail        |    77 |    28 |       |       ||   105
       Chain mail        |       |   153 |   313 |   574 ||  1040
Dodge: Dodged            |    45 |    95 |   156 |   310 ||   606
Block: Kite shield       |    70 |   177 |   338 |   711 ||  1296
